 Dungeon Crawl Stone Soup version 0.27-a0-1144-g0b7d3b79db (webtiles) character file.

Game seed: 15365501635830608354

14 neco the Firebug (level 2, -4/17 HPs)
             Began as an Octopode Fire Elementalist on May 11, 2021.
             Slain by a worm (9 damage)
             ... on level 2 of the Dungeon.
             The game lasted 00:09:31 (916 turns).

neco the Firebug (Octopode Fire Elementalist)        Turns: 916, Time: 00:09:31

Health: -4/17      AC:  1    Str:  7    XL:     2   Next: 45%
Magic:  4/5        EV: 13    Int: 17    God:
Gold:   26         SH:  0    Dex: 12    Spells: 4/5 levels left

rFire    . . .     SeeInvis .   c - +0 hand axe
rCold    . . .     Faith    .   (no shield)
rNeg     . . .     Spirit   .   (helmet restricted)
rPois    .         Reflect  .   (no amulet)
rElec    .         Harm     .   (no ring)
rCorr    .         Rampage  .   (no ring)
Will     .....                  (no ring)
Stlth    +++.......             (no ring)
HPRegen  0.05/turn              (no ring)
MPRegen  0.09/turn              (no ring)
                                (no ring)
                                (no ring)

@: no status effects
A: almost no armour, amphibious, 8 rings, camouflage 1, gelatinous body 1,
(nimble swimmer 1), tentacles
a: no special abilities


You were on level 2 of the Dungeon.
You visited 1 branch of the dungeon, and saw 2 of its levels.

You collected 26 gold pieces.

Inventory:

Hand Weapons
 a - a +0 spear
 c - a +0 hand axe (weapon)
 f - a +0 short sword
 i - a +0 club
Missiles
 b - 9 poisoned darts (quivered)
 e - 13 bolts
 g - 2 stones
Scrolls
 d - a scroll of enchant armour {unknown}
 h - a scroll of identify {unknown}
Potions
 j - a potion of lignification {unknown}


   Skills:
 + Level 0.1 Axes
 + Level 2.0 Dodging
 + Level 2.9 Stealth
 + Level 2.2 Spellcasting
 + Level 1.0 Conjurations
 + Level 3.5 Fire Magic


You had 4 spell levels left.
You knew the following spells:

 Your Spells              Type           Power      Damage    Failure   Level
a - Foxfire               Conj/Fire      36%        2x1d5     8%          1

Your spell library contained the following spells:

 Spells                   Type           Power      Damage    Failure   Level
 Conjure Flame            Conj/Fire      9%         6-21      22%         3
 Inner Flame              Hex/Fire       7%         N/A       28%         3
 Sticky Flame             Conj/Fire      9%         2d3       58%         4
 Fireball                 Conj/Fire      4%         3d4       91%         5


Dungeon Overview and Level Annotations

Branches:
Dungeon (2/15)

Altars:

Annotations:
D:2 Terence


Innate Abilities, Weirdness & Mutations

You cannot wear most types of armour.
You are amphibious.
You can wear up to eight rings at the same time.
Your skin changes colour to match your surroundings (Stealth+).
Your rubbery body absorbs attacks. (AC +1, EV +1)
((You are camouflaged near water. (Stealth+)))
You have tentacles for arms and can constrict up to eight enemies at once.


Message History

A worm comes into view.
You hit the goblin but do no damage. You grab the goblin.
The goblin is moderately wounded.
You constrict the goblin. The goblin closely misses you.
You hit the goblin.
You kill the goblin!
A jackal comes into view.
Found an escape hatch in the floor.
Terence the Incautious comes into view.
He is wielding a +0 hand axe.
Throw: 10 darts (poison)
Press: ? - help, Q - select action, (/) - cycle Shift-Dir - straight line, f - worm
Aim: a worm (76% to hit)
You throw a poisoned dart. The poisoned dart hits the worm.
The worm is poisoned.
An endoplasm comes into view.
The worm looks more healthy.
You hit the worm but do no damage. You grab the worm.
The worm is lightly wounded.
You constrict the worm, but do no damage.
The worm closely misses you.
You hit the worm.
The worm is moderately wounded.
You constrict the worm. The endoplasm freezes you.
You are frozen.
The worm misses you.
You hit the worm.
The worm is heavily wounded.
You barely miss the endoplasm. You constrict the worm. The endoplasm hits you.
Casting: Foxfire (safe; 8% risk of failure)
Confirm with . or Enter, or press ? or * to list all spells.
You conjure some foxfire!
You constrict the worm. The endoplasm misses you. The worm bites you.
* * * LOW HITPOINT WARNING * * *
You are too injured to fight recklessly!
Your foxfire dissipates!
You release your grip on the worm.
The foxfire hits the endoplasm.
The endoplasm is lightly wounded.
The endoplasm misses you. The worm bites you!
Ouch! That really hurt!
You die...

## #. #. ..##. #.#
.?.#.#####.#
.......#..####
#...#.(..w.J###
#........@...##
#..##.###.#..#
##########.##†###..#.#
...................#...
.###########...)##.####.#
..## #<...#..#......#
#..# #...##.##.#.###.>..
##..# ...## #.# .... .h
##..#.# ..# #....


You could see a worm and an endoplasm.

Vanquished Creatures
  2 goblins
  A hobgoblin (D:1)
  4 jackals (D:1)
  A ball python (D:1)
  3 bats
  A kobold (D:1)
  2 rats
14 creatures vanquished.

Vanquished Creatures (others)
  8 foxfires
8 creatures vanquished.

Grand Total: 22 creatures vanquished

Notes
Turn   | Place    | Note
-------+----------+-------------------------------------------
     0 | D:1      | neco the Octopode Fire Elementalist began the quest for the
                  | Orb.
     0 | D:1      | Reached XP level 1. HP: 11/11 MP: 3/3
   444 | D:1      | Reached XP level 2. HP: 6/17 MP: 3/5
   898 | D:2      | Noticed Terence
   916 | D:2      | Slain by a worm

Illustrated notes

Levels and vault maps discovered:
D:1:      lightli_arrival_quake, layout_basic, minmay_fountain_box,
          chequers_serial_rivers_marsh
D:2:      layout_rooms, ebering_ecumenical_altar_hall, uniq_terence

Action                   || total
-------------------------++-------
Melee: Hand axe          ||    26
       Constrict         ||     9
       Unarmed           ||     3
       Tentacles         ||     2
Throw: Dart              ||     9
 Cast: Foxfire           ||     6
 Stab: Sleeping          ||     3
Armor: Skin              ||     5
Dodge: Dodged            ||    36

Table legend: (Time is in decaauts)
 A = Elapsed time spent in this place.
 B = Non-inter-level travel time spent in this place.
 C = Inter-level travel time spent in this place.
 D = Time resting spent in this place.
 E = Time spent auto-exploring this place.
 F = Levels seen in this place.
 G = Mean time per level.
                   A        B        C        D        E       F      G
               +--------+--------+--------+--------+--------+-----+--------+
         Total |    923 |    923 |      0 |    223 |      0 |   2 |  461.5 |
       Dungeon |    923 |    923 |      0 |    223 |      0 |   2 |  461.5 |
               +--------+--------+--------+--------+--------+-----+--------+

Top non-repeatable levels by time:
     D:1: 859 daAuts
     D:2: 63 daAuts
